 Dungeon Crawl Stone Soup version 0.20.1-1-g8b1a95d (webtiles) character file.

81 teukkam the Skirmisher (level 4, -4/40 HPs)
             Began as a Minotaur Berserker on Dec 8, 2017.
             Was a Follower of Zin.
             Slain by a black bear (7 damage)
             ... created by the rage of Trog
             ... on level 3 of the Dungeon.
             The game lasted 00:04:23 (821 turns).

teukkam the Skirmisher (Minotaur Berserker)          Turns: 821, Time: 00:04:23

Health: -4/40      AC:  4    Str: 23    XL:     4   Next: 19%
Magic:  3/3        EV: 13    Int:  4    God:    Zin [*.....]
Gold:   36         SH:  0    Dex:  9    Spells: 3/3 levels left

rFire    . . .     SeeInvis .   a - +2 short sword (venom)
rCold    . . .     Gourm    .   (no shield)
rNeg     . . .     Faith    .   b - +0 animal skin
rPois    .         Spirit   .   (helmet restricted)
rElec    .         Reflect  .   (no cloak)
rCorr    .         Harm     .   h - +1 pair of gloves
MR       .....                  (no boots)
Stlth    +.........             (no amulet)
Regen    0.2/turn               (no ring)
MPRegen  0.1/turn               (no ring)

@: no status effects
A: retaliatory headbutt, horns 2
a: Recite, Donate Gold, Renounce Religion


You were on level 3 of the Dungeon.
You worshipped Zin.
Zin was aware of your devotion.
You were not hungry.

You visited 1 branch of the dungeon, and saw 3 of its levels.

You collected 39 gold pieces.
You donated 3 gold pieces to Zin.

Inventory:

Hand Weapons
 a - a +2 short sword of venom (weapon)
 l - a +0 hand axe
 n - a +4 hand axe
Armour
 b - a +0 animal skin (worn)
 h - a +1 pair of gloves (worn)
Scrolls
 i - a scroll of identify {unknown}
 j - a scroll of remove curse {unknown}
 k - a scroll of enchant armour {unknown}
 m - a scroll of magic mapping {unknown}
Comestibles
 c - a bread ration
 d - a royal jelly
 f - a chunk of flesh
 g - 6 fruits


   Skills:
 + Level 4.3 Fighting
 + Level 1.4 Short Blades
 - Level 3.9 Axes
 + Level 3.3 Armour
 + Level 3.2 Dodging


You had 3 spell levels left.
You didn't know any spells.

Dungeon Overview and Level Annotations

Branches:
Dungeon (3/15)

Altars:
Zin


Innate Abilities, Weirdness & Mutations

You reflexively headbutt those who attack you in melee.
You have a pair of horns on your head.


Message History

The black bear bites you. The black bear claws you.
The black bear barely misses you. The black bear bites you.
* * * LOW HITPOINT WARNING * * *
The black bear claws you but does no damage.
The black bear claws you.
* * * LOW HITPOINT WARNING * * *
You hit the black bear.
The black bear is poisoned.
Your headbutt misses the black bear.
The black bear is moderately wounded.
The black bear closely misses you. x2; The black bear barely misses you.
The black bear bites you.
* * * LOW HITPOINT WARNING * * *
The black bear closely misses you. The black bear misses you.
As you read the scroll labeled DEYCUU LIGH, it crumbles to dust.
You assume a fearsome visage.
It was a scroll of fear.
The black bear barely misses you. x2; The black bear closely misses you.
The black bear bites you! Zin protects you from harm! The black bear claws you!
You die...

#....####.##########
#....####.##........
#..........#.#######
####.####........#
#.##....#.##..#
#.##....#.....#
#.####.########
#.............+
###...h@#######
#...<.# #.....#
#.....# #......#
#......# #......#
#......# #......#


You could see a black bear (berserk).

Vanquished Creatures
  An orc wizard (D:3)
  An adder (D:2)
  An ooze (D:2)
  3 dart slugs (D:1)
  3 orcs (D:3)
  2 goblins
  2 hobgoblins
  6 kobolds
  8 bats (D:1)
  2 frilled lizards
  4 rats
33 creatures vanquished.

Notes
Turn   | Place    | Note
-------+----------+-------------------------------------------
     0 | D:1      | teukkam the Minotaur Berserker began the quest for the Orb.
     0 | D:1      | Reached XP level 1. HP: 19/19 MP: 0/0
   226 | D:1      | Reached XP level 2. HP: 27/27 MP: 1/1
   626 | D:2      | Found a faded altar of an unknown god.
   637 | D:2      | Reached skill level 4 in Fighting
   637 | D:2      | Reached XP level 3. HP: 33/33 MP: 2/2
   646 | D:2      | Fell from the grace of Trog
   646 | D:2      | Became a worshipper of Zin the Law-Giver
   646 | D:2      | Reached * piety under Zin
   774 | D:3      | Reached skill level 1 in Short Blades
   774 | D:3      | Reached XP level 4. HP: 37/40 MP: 3/3
   813 | D:2      | Noticed a polar bear
   813 | D:2      | Noticed a polar bear
   813 | D:2      | Noticed a polar bear
   813 | D:2      | Noticed a black bear
   819 | D:3      | HP: 2/40 [black bear[the rage of Trog] (5)]
   821 | D:3      | Zin protects you from harm!
   821 | D:3      | Slain by a black bear

Skill      XL: |  1  2  3 |
---------------+----------+-----
Fighting       | 4 |  4.3
Armour         | 3 |  3.3
Dodging        | 3 |  3.2
Short Blades   | 1 |  1.4
Axes           | |  3.9

Action                   |  1- 3 |  4- 6 || total
-------------------------+-------+-------++-------
Melee: Hand axe          |    21 |       ||    21
       Headbutt          |     7 |     3 ||    10
       Short sword       |    35 |     9 ||    44
  Use: Scroll            |       |     1 ||     1
Armor: Animal skin       |    20 |     3 ||    23
Dodge: Dodged            |    35 |    15 ||    50
